 Dungeon Crawl Stone Soup version 0.22-a0-348-gd16d1391c7 (webtiles) character file.

78 Manul the Skirmisher (level 4, -7/38 HPs)
             Began as a Ghoul Fighter on Apr 8, 2018.
             Mangled by FlowchartMassacre's ghost (17 damage)
             ... on level 3 of the Dungeon.
             The game lasted 00:02:06 (1804 turns).

Manul the Skirmisher (Ghoul Fighter)                Turns: 1804, Time: 00:02:07

Health: -7/38      AC: 11    Str: 20    XL:     4   Next: 36%
Magic:  3/3        EV:  3    Int:  3    God:
Gold:   109        SH:  9    Dex:  8    Spells: 3/3 levels left

rFire    . . .     SeeInvis .     - Unarmed
rCold    + . .     Gourm    .   b - +0 shield
rNeg     + + +     Faith    .   l - +0 plate armour
rPois    ∞         Spirit   .   (no helmet)
rElec    .         Reflect  .   (no cloak)
rCorr    .         Harm     .   (no gloves)
MR       .....                  (no boots)
Stlth    ..........             (no amulet)
HPRegen  0.00/turn              (no ring)
MPRegen  0.08/turn              (no ring)

@: rotting, invisible
A: rotting body, claws 1, carnivore, cold resistance 1, negative energy
resistance 3, inhibited regeneration, torment resistance, unbreathing
a: no special abilities


You were on level 3 of the Dungeon.
You were not hungry.

You visited 1 branch of the dungeon, and saw 3 of its levels.

You collected 109 gold pieces.

Inventory:

Armour
 a - a +0 scale mail
 b - a +0 shield (worn)
 l - a +0 plate armour (worn)
Scrolls
 e - 2 scrolls of magic mapping {unknown}
 f - a scroll of teleportation {unknown}
 h - 4 scrolls of remove curse {unknown}
Potions
 c - a potion of might
 g - a potion of curing
 i - a potion of mutation {unknown}
 m - a potion of agility {unknown}
Comestibles
 d - 2 rations


   Skills:
 + Level 3.5 Fighting
 + Level 3.2 Armour
 + Level 0.6 Dodging
 + Level 3.3 Shields
 + Level 3.1 Unarmed Combat


You had 3 spell levels left.
You didn't know any spells.

Dungeon Overview and Level Annotations

Branches:
Dungeon (3/15)

Altars:
Dithmenos
Kikubaaqudgha
Trog
Vehumet
The Shining One

Annotations:
D:3 FlowchartMassacre's ghost, novice GnBe; Sigmund


Innate Abilities, Weirdness & Mutations

Your body is rotting away.
You thrive on raw meat.
You are immune to poison.
You have sharp fingernails.
You are carnivorous and can eat meat at any time.
Your flesh is cold resistant. (rC+)
You are immune to negative energy. (rN+++)
You do not regenerate when monsters are visible.
You are immune to unholy pain and torment.
You can survive without breathing.


Message History

* * * LOW HITPOINT WARNING * * *
The goblin hits you but does no damage.
You feel better.
Sigmund appears from thin air!
Reactivating autopickup.
You block FlowchartMassacre's ghost's attack.
Sigmund casts a spell.
Sigmund flickers and vanishes!
Deactivating autopickup; reactivate with Ctrl-A.
The goblin hits you but does no damage.
Unknown command.
As you read the scroll labeled QYIBAGHEVAD, it crumbles to dust.
It is a scroll of identify.
j - a potion of invisibility You block FlowchartMassacre's ghost's attack.
Something hits you.
* * * LOW HITPOINT WARNING * * *
The goblin completely misses you.
You fade into invisibility!
FlowchartMassacre's ghost hits you!
You die...

##########
#######........###########
#....##.###....#.........#
#.......# #....#.#######.#
####.......# #....#.# #.#
.........W.###.g@.#.#######.#
...........+...{W.......>##.#
#..#...(g..#.###########.##.#
...........#......W.........#
##.####....###########......#
.. #.##........# #......# .
#............ #.#.##.#
#.........#..###.#.##.#
.................#.##.#


You could see FlowchartMassacre's ghost and a goblin.

Vanquished Creatures
  2 adders (D:2)
  3 worms (D:2)
  3 dart slugs
  A leopard gecko (D:2)
  6 bats
  4 giant cockroaches
  6 goblins
  2 hobgoblins
  2 jackals (D:2)
  4 kobolds
  3 frilled lizards
  6 rats
42 creatures vanquished.

Vanquished Creatures (others)
  An adder (D:2)
  A ball python (D:2)
2 creatures vanquished.

Grand Total: 44 creatures vanquished

Notes
Turn   | Place    | Note
-------+----------+-------------------------------------------
     0 | D:1      | Manul the Ghoul Fighter began the quest for the Orb.
     0 | D:1      | Reached XP level 1. HP: 19/19 MP: 0/0
    48 | D:1      | Reached XP level 2. HP: 8/26 MP: 1/1
   883 | D:2      | Reached XP level 3. HP: 31/31 MP: 2/2
  1089 | D:2      | Found a radiant altar of Vehumet.
  1142 | D:2      | Found a shadowy altar of Dithmenos.
  1143 | D:2      | Found an ancient bone altar of Kikubaaqudgha.
  1230 | D:2      | Found a glowing golden altar of the Shining One.
  1383 | D:2      | Reached XP level 4. HP: 35/38 MP: 3/3
  1564 | D:3      | Found a bloodstained altar of Trog.
  1737 | D:3      | Noticed Sigmund
  1749 | D:3      | Noticed FlowchartMassacre's ghost (novice GnBe)
  1804 | D:3      | Mangled by FlowchartMassacre's ghost

Vault maps used:
D:1:      matt_arrival_diagonals, hangedman_glass_teeth
D:2:      fiery_altar_vehumet, chequers_temple_overflow_statue_of_worship,
          nicolae_tso_carved_into_rock
D:3:      old_standard_altar, overflow_temple_1_default, first_ration,
          lemuel_tele_altar, uniq_sigmund

Skill      XL: |  1  2  3 |
---------------+----------+-----
Armour         | 3 |  3.2
Shields        | 3 |  3.3
Unarmed Combat | 3 |  3.1
Fighting       | |  3.5
Dodging        | |  0.6

Action                   |  1- 3 |  4- 6 || total
-------------------------+-------+-------++-------
Melee: Unarmed           |   115 |    43 ||   158
  Use: Potion            |       |     3 ||     3
       Scroll            |       |     1 ||     1
  Eat: Chunk             |     9 |       ||     9
Armor: Scale mail        |    49 |     7 ||    56
       Plate armour      |       |    18 ||    18
Dodge: Dodged            |    43 |     8 ||    51
Block: Shield            |    64 |    18 ||    82

Table legend:
 A = Spawn XP
 B = Non-spawn XP
 C = Spawn XP percentage of total XP
 D = Spawn monster count
 E = Non-spawn monster count
 F = Spawn count percentage of total count
 G = Total turns spent on level
                    A         B        C        D         E        F      G
               +---------+---------+-------+---------+---------+-------+---------
         Total |       0 |     112 |   0.0 |       0 |      42 |   0.0 |  1804
               +---------+---------+-------+---------+---------+-------+---------
           D:1 |       0 |      26 |   0.0 |       0 |      14 |   0.0 |   818
           D:2 |       0 |      80 |   0.0 |       0 |      25 |   0.0 |   707
           D:3 |       0 |       6 |   0.0 |       0 |       3 |   0.0 |   279
               +---------+---------+-------+---------+---------+-------+---------
